 Dungeon Crawl Stone Soup version 0.30.0-19-g36f170ea60 (webtiles) character file.

Game seed: 7920638087863563248

229 MacCMillion the Chopper (level 6, -1/51 HPs)
             Began as a Ghoul Fighter on May 30, 2023.
             Killed from afar by an orc wizard (3 damage)
             ... with a magic dart
             ... on level 4 of the Dungeon.
             The game lasted 00:04:09 (2334 turns).

MacCMillion the Chopper (Ghoul Fighter)             Turns: 2334, Time: 00:04:11

Health: -1/51      AC: 10    Str: 22    XL:     6   Next: 3%
Magic:  5/5        EV:  8    Int:  3    God:
Gold:   149        SH:  0    Dex:  8    Spells: 5/5 levels left

rFire   . . .        a - +0 war axe
rCold   + . .        c - +0 buckler
rNeg    + + +        k - +0 chain mail
rPois   ∞            (no helmet)
rElec   .            (no cloak)
rCorr   .            l - +0 pair of gloves
SInv    .            (no boots)
Will    .....        (no amulet) Stlth
                     (no ring)
HPRegen 0.00/turn    (no ring)
MPRegen 0.09/turn

%: no passive effects
@: confused, inhibited regen
A: claws 1, cold resistance 1, negative energy resistance 3, inhibited
regeneration, torment resistance 2, devour on kill
a: no special abilities


You were on level 4 of the Dungeon.
You visited 1 branch of the dungeon, and saw 4 of its levels.

You collected 149 gold pieces.

Inventory:

Hand Weapons
 a - a +0 war axe (weapon)
Armour
 c - a +0 buckler (worn)
 k - a +0 chain mail (worn)
 l - a +0 pair of gloves (worn)
Jewellery
 m - a ring of ice
 s - a +6 ring of dexterity
Scrolls
 b - 2 scrolls of immolation {unknown}
 e - 2 scrolls of fog {unknown}
 f - a scroll of summoning {unknown}
 g - a scroll of amnesia {unknown}
 h - 4 scrolls of identify {unknown}
 n - 3 scrolls of teleportation {unknown}
 t - a scroll of enchant weapon {unknown}
Potions
 d - a potion of might
 i - a potion of attraction {unknown}
 j - a potion of lignification {unknown}
 o - a potion of haste {unknown}
 p - a potion of curing {unknown}
 q - a potion of degeneration {unknown}
 r - a potion of ambrosia {unknown}
 u - a potion of heal wounds {unknown}


   Skills:
 - Level 3.2 Fighting
 + Level 4.4 Axes
 - Level 3.0 Armour
 - Level 4.0 Shields


You had 5 spell levels left.
You didn't know any spells.
Your spell library contained the following spells:

 Spells                   Type           Power      Damage    Failure   Level
 Stone Arrow              Conj/Erth      0%         3d7       100%        3
 Animate Armour           Summ/Erth      0%         N/A       100%        4
 Lehudib's Crystal Spear  Conj/Erth      0%         10d2      100%        8


Dungeon Overview and Level Annotations

Branches:
Dungeon (4/15)
 Temple: D:4-7

Altars:
Gozag
Nemelex Xobeh
Vehumet


Innate Abilities, Weirdness & Mutations

You are immune to poison.
You have sharp fingernails.
Your flesh is cold resistant. (rC+)
You are immune to negative energy. (rN+++)
You do not regenerate when monsters are visible.
You are immune to unholy pain and torment.
You thrive by killing the living.


Message History

You block something's attack. Something hits you.
Something hits you but does no damage.
You hear some strange, mumbled words.
You are confused.
You miss something. Something hits you but does no damage.
You hear some strange, mumbled words.
You closely miss something. Something hits you but does no damage.
You miss something. You barely miss something.
You feel less confused. Something hits you but does no damage.
Something hits you.
* * * LOW HITPOINT WARNING * * *
You slash something! You closely miss something.
Something hits you but does no damage. Something hits you.
* * * LOW HITPOINT WARNING * * *
You closely miss something. You hit something.
Something hits you but does no damage.
You hear some strange, mumbled words.
Something tries to affect you, but you resist.
Something hits you but does no damage.
You hear some strange, mumbled words.
A magic dart appears from out of thin air!
The magic dart hits you but does no damage.
You closely miss something. You barely miss something.
Something hits you but does no damage. x2
You closely miss something. You barely miss something. Something hits you.
* * * LOW HITPOINT WARNING * * *
You hear some strange, mumbled words.
A magic dart appears from out of thin air!
The magic dart hits you.
* * * LOW HITPOINT WARNING * * *
You barely miss something. You closely miss something.
Something hits you but does no damage.
You hear some strange, mumbled words.
You are confused.
Something hits you.
* * * LOW HITPOINT WARNING * * *
You hear some strange, mumbled words.
A magic dart appears from out of thin air!
The magic dart hits you.
You die...

.#.........#.### #.#
#......########.>.###.#
#..###........###...#.#
...#.'..).....# ###...##
.###.###.)....####†....#
#..:).#.......##.......
###.###{#####..........
#.#.{.# ###........
###.@## #..........
#......# ....#......).
......... ..............
.###############........
#........ #........
#........ #........
##.......


There were no monsters in sight!

Vanquished Creatures
  Terence (D:3)
  2 orc wizards (D:4)
  A gnoll (D:3)
  8 adders
  2 dart slugs
  2 orcs
  12 bats
  5 endoplasms
  4 giant cockroaches
  9 goblins
  6 hobgoblins
  3 ball pythons
  2 frilled lizards
  5 kobolds
  5 rats
67 creatures vanquished.

Notes
Turn   | Place    | Note
-------+----------+-------------------------------------------
     0 | D:1      | MacCMillion the Ghoul Fighter began the quest for the Orb.
     0 | D:1      | Reached XP level 1. HP: 19/19 MP: 0/0
    83 | D:1      | Reached XP level 2. HP: 26/26 MP: 1/1
   467 | D:1      | Reached XP level 3. HP: 31/31 MP: 2/2
   964 | D:2      | Found a faded altar of an unknown god.
  1030 | D:2      | Reached XP level 4. HP: 31/38 MP: 3/3
  1211 | D:2      | Found a sparkling altar of Nemelex Xobeh.
  1492 | D:3      | Found a radiant altar of Vehumet.
  1643 | D:3      | Noticed Terence
  1668 | D:3      | Killed Terence
  1669 | D:3      | Reached XP level 5. HP: 42/45 MP: 4/4
  2244 | D:4      | Found an opulent altar of Gozag.
  2314 | D:4      | Reached XP level 6. HP: 29/51 MP: 5/5
  2334 | D:4      | HP: 2/51 [something (3)]
  2334 | D:4      | Killed from afar by an orc wizard

Illustrated notes

Levels and vault maps discovered:
D:1:      dpeg_arrival_court, layout_basic
D:2:      layout_rooms, basic_altar, shapermc_ecumenical_altar_mp_urbaneastern
D:3:      minmay_angry_zag, layout_basic, fiery_altar_vehumet, uniq_terence
D:4:      layout_rooms, eat_drink_and_be_merry_uskayaw, grunt_gozag_statues,
          yredelemnul_altar_generic, tgw_kikubaaqudgha,
          grunt_temple_overflow_diamond, minmay_a_box_with_orc_wizards_in_it

Skill      XL: |  1  2  3  4  5 |
---------------+----------------+-----
Axes           | 2 3 4 |  4.4
Shields        | 3 4 |  4.0
Armour         | 3 |  3.0
Fighting       | |  3.2

Action                     |  1- 3 |  4- 6 || total
---------------------------+-------+-------++-------
  Melee: War axe           |   112 |   141 ||   253
 Armour: Scale mail        |    66 |       ||    66
         Chain mail        |    33 |   137 ||   170
  Dodge: Dodged            |    56 |    45 ||   101
  Block: Buckler           |    28 |    31 ||    59
